 Dungeon Crawl Stone Soup version 0.30-a0-585-g93115170b9 (webtiles) character file.

Game seed: 4844401347388924979

874 themarg the Insei (level 8, 0/60 HPs)
             Began as a Gnoll Transmuter on Jan 2, 2023.
             Was an Initiate of Hepliaklqana.
             Succumbed to Dowan's poison
             ... on level 5 of the Dungeon.
             The game lasted 00:09:01 (3588 turns).

themarg the Insei (Gnoll Transmuter)                Turns: 3588, Time: 00:09:01

Health: 0/60       AC:  2    Str:  9    XL:     8   Next: 4%
Magic:  9/16       EV: 23    Int: 14    God:    Hepliaklqana [......]
Gold:   359        SH:  5    Dex: 19    Spells: 12/18 levels left

rFire   . . .      SeeInvis .      - Unarmed
rCold   . . .      Faith    .    (shield currently unavailable)
rNeg    . . .      Spirit   .    (body armour currently unavailable)
rPois   x          Reflect  +    (helmet currently unavailable)
rElec   .          Harm     .    (cloak currently unavailable)
rCorr   .          Rampage  .    (gloves currently unavailable)
Will    .....                    (boots currently unavailable)
Stlth   +++                      d - amulet of reflection
HPRegen 0.30/turn                (no ring)
MPRegen 0.15/turn                (no ring)

@: lethally poisoned (0 -> -56), spider-form
A: venomous fangs, tiny, (fangs 1), strong nose, distributed training
a: End Transformation, Renounce Religion


You were on level 5 of the Dungeon.
You worshipped Hepliaklqana.
Hepliaklqana was noncommittal.
You were a venomous arachnid creature.
You visited 1 branch of the dungeon, and saw 5 of its levels.

You collected 359 gold pieces.

Inventory:

Hand Weapons
 c - a +0 hand axe (melded)
 o - a +0 short sword of speed
Missiles
 f - 4 boomerangs
 h - 38 stones
 i - 11 poisoned darts
Armour
 a - a +0 robe (melded)
 p - a +2 buckler
 v - a +0 pair of gloves
 x - the +4 ring mail "Isaakif" {Will+ Dex+2 SInv}
   (You found it on level 4 of the Dungeon)

   Dex:       It affects your dexterity (+2).
   SInv:      It lets you see invisible.
   Will:      It increases your willpower.
Jewellery
 d - an amulet of reflection (around neck)
Scrolls
 e - a scroll of vulnerability
 q - a scroll of magic mapping {unknown}
 t - a scroll of poison {unknown}
 u - 2 scrolls of identify
 w - a scroll of teleportation {unknown}
Potions
 b - a potion of lignification
 g - a potion of cancellation
 k - a potion of degeneration {unknown}
 l - a potion of attraction {unknown}
 m - 2 potions of flight
 n - a potion of berserk rage {unknown}
 r - a potion of mutation {unknown}
 s - 2 potions of heal wounds {unknown}
 z - a potion of ambrosia {unknown}


   Skills:
 + Level 4.0 Fighting
 + Level 3.0 Short Blades
 + Level 3.0 Long Blades
 + Level 3.0 Axes
 + Level 3.0 Maces & Flails
 + Level 3.0 Polearms
 + Level 3.0 Staves
 + Level 3.0 Ranged Weapons
 + Level 3.0 Throwing
 + Level 3.0 Armour
 + Level 5.5 Dodging
 + Level 3.0 Stealth
 + Level 3.0 Shields
 + Level 7.2 Unarmed Combat
 + Level 5.9 Spellcasting
 + Level 2.4 Conjurations
 + Level 2.4 Hexes
 + Level 2.4 Summonings
 + Level 2.4 Necromancy
 + Level 2.4 Translocations
 + Level 4.5 Transmutations
 + Level 2.4 Fire Magic
 + Level 2.4 Ice Magic
 + Level 2.4 Air Magic
 + Level 2.4 Earth Magic
 + Level 2.4 Poison Magic
 + Level 3.3 Invocations
 + Level 3.0 Evocations


You had 12 spell levels left.
You knew the following spells:

 Your Spells              Type           Power      Damage    Failure   Level
a - Beastly Appendage     Tmut           32%        N/A       10%         1
b - Wereblood             Tmut           16%        N/A       12%         2
c - Spider Form           Tmut/Pois      13%        N/A       28%         3

Your spell library contained the following spells:

 Spells                   Type           Power      Damage    Failure   Level
 Call Canine Familiar     Summ           11%        N/A       36%         3
 Gell's Gravitas          Tloc           11%        N/A       36%         3
 Lesser Beckoning         Tloc           22%        N/A       36%         3
 Portal Projectile        Hex/Tloc       22%        N/A       36%         3
 Teleport Other           Tloc           11%        N/A       36%         3
 Ice Form                 Ice/Tmut       13%        N/A       58%         4
 Leda's Liquefaction      Hex/Erth       5%         N/A       71%         4


Dungeon Overview and Level Annotations

Branches:
Dungeon (5/15)
 Temple: D:4-7

Altars:
Hepliaklqana
Uskayaw

Annotations:
D:5 Dowan


Innate Abilities, Weirdness & Mutations

You are a venomous arachnid creature.
You have poisonous fangs.
You are tiny and dextrous.
Your spellcasting is less reliable in this form.
Your armour is entirely melded.
You are incapable of wielding weapons or throwing items.
((You have very sharp teeth.))
Your uncanny sense of smell can sniff out nearby items.
Your experience applies equally to all skills.


Message History

Your Ranged Weapons skill increases to level 3!
Your Throwing skill increases to level 3!
Your Armour skill increases to level 3!
Your Stealth skill increases to level 3!
Your Shields skill increases to level 3!
Your Evocations skill increases to level 3!
You have reached level 8!
You feel agile.
You feel better.
Dowan casts a spell.
Dowan blinks!
Things that are here:
a +2 short sword of electrocution; a +3 leather armour of fire resistance; a potion of lignification Dowan mumbles some strange words.
Dowan blinks!
You closely miss Dowan.
Dowan is heavily wounded.
You block Dowan's attack.
You barely miss Dowan.
Dowan is heavily wounded.
Dowan points at you and mumbles some strange words.
The shard of ice misses you.
You closely miss Dowan.
Dowan is heavily wounded.
Dowan closely misses you.
You hit Dowan.
Dowan is heavily wounded.
Dowan hits you with a +2 dagger of venom.
You are lethally poisoned!
Dowan barely misses you.
You closely miss Dowan.
Dowan is heavily wounded.
* * * LOW HITPOINT WARNING * * *
You feel very sick.
Dowan hits you with a +2 dagger of venom!
* * * LOW HITPOINT WARNING * * *
You are more poisoned.
You hit Dowan.
Dowan is poisoned.
Dowan is heavily wounded.
You die...

#.####....'.....+
#. #.####.....# #
#.# #.....# #.#
#.....######.#
#.#
#............#
#.#
#........###..
#.# #............
#.# #.......####+
#...es.#8..#
#......#....
#.####.#...# #.#
#)##.#|# #.#
#.'.# #? #.#
#.#.... #.#
#.#...#.. #.# #.#
...# #.# #.. ##+#


You could see Dowan (fast, very poisoned).

Vanquished Creatures
  Duvessa (D:5)
  A water moccasin (D:4)
  2 ogres
  A phantom (D:4)
  A bullfrog (D:4)
  A scorpion (D:5)
  A necrophage (D:4)
  A jelly (D:4)
  Jessica (D:2)
  3 gnolls (D:3)
  9 adders
  2 worms (D:3)
  A dart slug (D:1)
  7 orcs
  7 bats
  6 endoplasms
  7 goblins
  10 hobgoblins
  2 quokkas
  7 ball pythons
  6 frilled lizards
  10 kobolds
  6 rats
93 creatures vanquished.

Vanquished Creatures (others)
  2 fungi (D:1)
  3 toadstools (D:1)
5 creatures vanquished.

Grand Total: 98 creatures vanquished

Notes
Turn   | Place    | Note
-------+----------+-------------------------------------------
     0 | D:1      | themarg the Gnoll Transmuter began the quest for the Orb.
     0 | D:1      | Reached XP level 1. HP: 17/17 MP: 6/6
   106 | D:1      | Reached XP level 2. HP: 22/23 MP: 7/7
   109 | D:1      | Learned a level 2 spell: Wereblood
   198 | D:1      | You fall into a shaft and drop 1 floor!
   311 | D:2      | Reached skill level 5 in Spellcasting
   311 | D:2      | Reached XP level 3. HP: 28/28 MP: 7/9
   317 | D:2      | Learned a level 3 spell: Spider Form
   392 | D:2      | Reached skill level 1 in Invocations
   550 | D:2      | Reached skill level 1 in Short Blades
   550 | D:2      | Reached skill level 1 in Long Blades
   550 | D:2      | Reached skill level 1 in Axes
   550 | D:2      | Reached skill level 1 in Maces & Flails
   550 | D:2      | Reached skill level 1 in Polearms
   550 | D:2      | Reached skill level 1 in Staves
   550 | D:2      | Reached skill level 1 in Ranged Weapons
   550 | D:2      | Reached skill level 1 in Throwing
   550 | D:2      | Reached skill level 1 in Armour
   550 | D:2      | Reached skill level 1 in Stealth
   550 | D:2      | Reached skill level 1 in Shields
   550 | D:2      | Reached skill level 1 in Evocations
   657 | D:2      | Noticed Jessica
   671 | D:2      | Killed Jessica
   672 | D:2      | Reached XP level 4. HP: 33/34 MP: 8/11
   858 | D:1      | Reached skill level 1 in Conjurations
   858 | D:1      | Reached skill level 1 in Hexes
   858 | D:1      | Reached skill level 1 in Summonings
   858 | D:1      | Reached skill level 1 in Necromancy
   858 | D:1      | Reached skill level 1 in Translocations
   858 | D:1      | Reached skill level 1 in Fire Magic
   858 | D:1      | Reached skill level 1 in Ice Magic
   858 | D:1      | Reached skill level 1 in Air Magic
   858 | D:1      | Reached skill level 1 in Earth Magic
   858 | D:1      | Reached skill level 1 in Poison Magic
  2035 | D:3      | Reached XP level 5. HP: 40/40 MP: 4/12
  2338 | D:3      | Found a hide-covered altar of Uskayaw.
  2824 | D:4      | Reached XP level 6. HP: 36/47 MP: 10/14
  2877 | D:4      | Reached skill level 5 in Dodging
  3067 | D:4      | Reached skill level 7 in Unarmed Combat
  3067 | D:4      | Reached XP level 7. HP: 36/52 MP: 12/15
  3140 | D:4      | Identified the +4 ring mail "Isaakif" {Will+ Dex+2 SInv}
  3152 | D:4      | Found a hazy altar of Hepliaklqana.
  3180 | D:4      | Became a worshipper of Hepliaklqana the Forgotten
  3396 | D:5      | Entered Level 5 of the Dungeon
  3558 | D:5      | Noticed Duvessa
  3558 | D:5      | Noticed Dowan
  3567 | D:5      | HP: 2/53 [Duvessa/+2 short sword of electrocution (10)]
  3577 | D:5      | Killed Duvessa
  3578 | D:5      | Reached XP level 8. HP: 18/60 MP: 8/16
  3588 | D:5      | Succumbed to Dowan's poison

Illustrated notes

Levels and vault maps discovered:
D:1:      roderic_chinese_lattice_arrival, layout_basic,
          minmay_gold_behind_fungi
D:2:      layout_loops_cross, uniq_jessica
D:3:      layout_rooms, mainiacjoe_overflow_brackets, dreamdust_princess_bridge,
          nrook_mini_vaults, grunt_decor_one_mirror
D:4:      layout_rooms, minmay_ruined_shrine
D:5:      layout_basic, minivault_1, uniq_duvessa, uniq_eustachio

Skill      XL: |  1  2  3  4  5  6  7 |
---------------+----------------------+-----
Spellcasting   | 5 |  5.9
Invocations    | 1 2 3 |  3.3
Short Blades   | 1 2 3 |  3.0
Long Blades    | 1 2 3 |  3.0
Axes           | 1 2 3 |  3.0
Maces & Flails | 1 2 3 |  3.0
Polearms       | 1 2 3 |  3.0
Staves         | 1 2 3 |  3.0
Ranged Weapons | 1 2 3 |  3.0
Throwing       | 1 2 3 |  3.0
Armour         | 1 2 3 |  3.0
Stealth        | 1 2 3 |  3.0
Shields        | 1 2 3 |  3.0
Evocations     | 1 2 3 |  3.0
Conjurations   | 1 2 |  2.4
Hexes          | 1 2 |  2.4
Summonings     | 1 2 |  2.4
Necromancy     | 1 2 |  2.4
Translocations | 1 2 |  2.4
Fire Magic     | 1 2 |  2.4
Ice Magic      | 1 2 |  2.4
Air Magic      | 1 2 |  2.4
Earth Magic    | 1 2 |  2.4
Poison Magic   | 1 2 |  2.4
Fighting       | 3 4 |  4.0
Transmutations | 4 |  4.5
Dodging        | 5 |  5.5
Unarmed Combat | 7 |  7.2

Action                   |  1- 3 |  4- 6 |  7- 9 || total
-------------------------+-------+-------+-------++-------
Melee: Hand axe          |    70 |     5 |     1 ||    76
       Kick              |    12 |       |       ||    12
       Headbutt          |     5 |       |       ||     5
       Punch             |     1 |       |       ||     1
       Bite              |     3 |     1 |       ||     4
       Unarmed           |     5 |   111 |    56 ||   172
 Cast: Beastly Appendage |    18 |       |       ||    18
       Wereblood         |     2 |     3 |     1 ||     6
       Spider Form       |     1 |    30 |     8 ||    39
  Use: Scroll            |       |     3 |       ||     3
       Potion            |       |       |     3 ||     3
 Stab: Sleeping          |     2 |     3 |     2 ||     7
Armor: Robe              |     8 |     1 |       ||     9
       Skin              |       |     3 |     1 ||     4
Dodge: Dodged            |    40 |    67 |    39 ||   146
Block: Other             |    19 |    21 |     7 ||    47
       Reflection        |       |     1 |       ||     1

Table legend: (Time is in decaauts)
 A = Elapsed time spent in this place.
 B = Non-inter-level travel time spent in this place.
 C = Inter-level travel time spent in this place.
 D = Time resting spent in this place.
 E = Time spent auto-exploring this place.
 F = Levels seen in this place.
 G = Mean time per level.
                   A        B        C        D        E       F      G
               +--------+--------+--------+--------+--------+-----+--------+
         Total |   3592 |   3505 |     87 |    161 |   2548 |   5 |  718.4 |
       Dungeon |   3592 |   3505 |     87 |    161 |   2548 |   5 |  718.4 |
               +--------+--------+--------+--------+--------+-----+--------+

Top non-repeatable levels by time:
     D:2: 1103 daAuts
     D:1: 931 daAuts
     D:3: 799 daAuts
     D:4: 569 daAuts
     D:5: 188 daAuts
